[Event "52nd Rilton Cup 2024-25"]
[Site "Stockholm"]
[Date "2025.01.05"]
[Round "9.1"]
[White "Costa, Leonardo"]
[Black "Amin, Bassem"]
[Result "1/2-1/2"]
[ECO "C67"]
[WhiteElo "2494"]
[BlackElo "2648"]
[Annotator "TA"]
[PlyCount "62"]
[EventDate "2024.12.23"]
[EventType "swiss"]
[EventCountry "SWE"]
[SourceTitle "playchess.com"]
[Source "ChessBase"]
[SourceQuality "1"]
[TimeControl "40/5400+30:1800+30"]

1. e4 e5 2. Nf3 Nc6 3. Bb5 Nf6 4. O-O Nxe4 5. Re1 Nd6 6. a4 Be7 7. Nc3 a6 8. Bf1 Nf5 9. d4 Nfxd4 10. Nxe5 d6 11. Nxc6 Nxc6 12. Nd5 Be6 13. Nxe7 Nxe7 14. b4 O-O 15. Bb2 Nf5 16. Ra3 c5 17. Rf3 a5 18. Rf4 (18. b5 $11) 18... Nd4 (18... cxb4 19. Bd3 $18) ({Black should play} 18... axb4 $15 19. Bd3 g6) 19. Qh5 (19. b5 {simplifies} d5 20. Bxd4 cxd4 21. Rxd4 Qf6 22. Re3) 19... axb4 (19... Nxc2 $2 20. Bd3 g6 21. Qh6 $18) 20. Re3 f5 $2 (20... Nxc2 $2 21. Bd3 f5 (21... g6 22. Rh3 $18) 22. Rxe6 $18 (22. Bxc2 Rf6 $18)) (20... Rxa4 $11 {and Black stays safe.} 21. Rg3 Qd7 (21... Nxc2 22. Rxg7+ Kh8 23. Qxh7#)) 21. Rh4 (21. Bxd4 $6 Bf7 22. Qxf5 cxd4 $16) (21. Rxd4 $18 Bf7 22. Qd1 cxd4 23. Qxd4) 21... Rf6 (21... Qf6 $16) 22. Qxh7+ $18 Kf8 $2 (22... Kf7 23. Bxd4 cxd4) 23. Rxd4 (23. Rg3 $142 Qe7 24. Qh8+ (24. Bxd4 cxd4 25. Qh8+ Bg8 $18) 24... Bg8 25. Rh7) 23... cxd4 $18 (23... Rh6 24. Rxd6 Rxh7 (24... Qc7 $2 25. Qxh6 gxh6 26. Rdxe6 $18) 25. Rxd8+ Rxd8 26. Rxe6) 24. Bxd4 (24. Rg3 Qc7 25. Qh8+ (25. Bxd4 Bg8 $16) 25... Bg8 26. Bxd4 (26. Bc4 Qxc4 27. Qxg7+ Ke8 $14) 26... Rf7) 24... Bg8 $2 (24... Rc8 $16 25. h3 (25. Bxf6 Qxf6 26. Qh8+ Bg8 $14) (25. Rg3 Qe7 $18) 25... Qe7 26. Bxf6 Qxf6) 25. Qh5 $18 Rf7 26. Bc4 f4 27. Re4 Ra5 28. Bxf7 $2 (28. Bb5 $18 {[%cal Oh5g5] Qg5! is the strong threat.} b3 29. c4 (29. cxb3 Rxb5 30. axb5 Qc8 $18)) 28... Rxh5 $11 29. Bxh5 g5 $1 30. Re8+ Qxe8 31. Bxe8 Kxe8 1/2-1/2

[Event "52nd Rilton Cup 2024-25"]
[Site "Stockholm"]
[Date "2025.01.05"]
[Round "9.2"]
[White "Livaic, Leon"]
[Black "Ilamparthi A R"]
[Result "1/2-1/2"]
[ECO "D41"]
[WhiteElo "2557"]
[BlackElo "2495"]
[Annotator "TA"]
[PlyCount "60"]
[EventDate "2024.12.23"]
[EventType "swiss"]
[EventCountry "SWE"]
[SourceTitle "playchess.com"]
[Source "ChessBase"]
[SourceQuality "1"]
[TimeControl "40/5400+30:1800+30"]

1. d4 d5 2. c4 e6 3. Nf3 Nf6 4. Nc3 c5 5. cxd5 cxd4 6. Qxd4 exd5 7. e4 dxe4 8. Qxd8+ Kxd8 9. Ng5 Be6 10. Nxe6+ fxe6 11. Bc4 Ke7 12. Bg5 h6 13. Bxf6+ gxf6 14. Nxe4 Nd7 $1 15. Bb5 f5 16. Bxd7 Kxd7 17. O-O-O+ Ke7 18. Nd6 b6 19. Rhe1 Kf6 20. Re2 Rh7 21. f4 Rc7+ 22. Rc2 Rxc2+ 23. Kxc2 $11 {[%emt 0:00:03][%mdl 4096] Endgame KRB-KRN} Rd8 24. Ne4+ Ke7 $1 25. Rxd8 Kxd8 {[%emt 0:00:01] KB-KN} 26. Nd2 Kd7 27. a4 Kc6 28. Nf3 Bg7 29. b3 $1 Kd5 {[%emt 0:00:28] Strongly threatening ...Ke4.} 30. Kd3 Bf6 1/2-1/2

[Event "52nd Rilton Cup 2024-25"]
[Site "Stockholm"]
[Date "2025.01.05"]
[Round "9.3"]
[White "Seemann, Jakub"]
[Black "Heberla, Bartlomiej"]
[Result "0-1"]
[ECO "B30"]
[WhiteElo "2488"]
[BlackElo "2498"]
[Annotator "TA"]
[PlyCount "62"]
[EventDate "2024.12.23"]
[EventType "swiss"]
[EventCountry "SWE"]
[SourceTitle "playchess.com"]
[Source "ChessBase"]
[SourceQuality "1"]
[TimeControl "40/5400+30:1800+30"]

1. e4 c5 2. Nf3 Nc6 3. Bb5 e5 4. O-O Bd6 5. d4 Nxd4 6. Bc4 h6 {[%emt 0:03:43] Dodges Ng5} 7. Nc3 Nf6 8. a4 Bc7 9. Nxd4 cxd4 10. Nd5 d6 $1 11. f4 {[%emt 0:09:24] White wants to play fxe5.} Be6 $1 12. fxe5 dxe5 13. Nxf6+ gxf6 14. Bb5+ Bd7 ({Black should try} 14... Kf8 $11) 15. Ra3 (15. Bxd7+ $14 {is superior.} Qxd7 16. Rxf6) 15... Bxb5 $11 16. axb5 Rg8 17. Rh3 Qd7 18. Qd3 Bd8 $40 {[%emt 0:00:22][%mdl 128] Black has some attack.} 19. Bxh6 Rc8 20. Rg3 Rg6 21. Bd2 {[%emt 0:01:09] Black must now prevent h4.} Qe6 22. c3 (22. h4 $11) 22... dxc3 $15 23. Bxc3 Qc4 24. Rd1 $2 (24. Re1 $1 $11) 24... Bb6+ $19 25. Kh1 $2 (25. Kf1) 25... Rd8 26. Qb1 Rxg3 ({Not} 26... Qxb5 27. Rxd8+ Kxd8 28. Qd3+ Qd7 29. Rh3 $15) 27. hxg3 (27. Rxd8+ $142 Kxd8 28. hxg3) 27... Qe2 (27... Qxb5 $2 28. Rxd8+ Kxd8 29. Qd1+ Ke7 30. Kh2 $19) 28. Rxd8+ Kxd8 29. g4 Ke8 {[%emt 0:01:02][%cal Ob6f2] aiming for ...Bf2!.} ({Don't play} 29... Qxg4 30. Qd3+ Ke8 31. Be1 $19) (29... Qxb5 $2 30. Qd1+ Ke7 31. Kh2 $17) 30. Kh2 $2 (30. Qe1 Qxg4 (30... Qxb5 $2 31. Kh2 $19) 31. Kh2) 30... Bf2 {[%emt 0:01:42][%cal Oe2e3] ( -> ...Qe3!)} (30... Qxb5 $2 31. Qd1 $17) 31. b6 Qe3 0-1

[Event "52nd Rilton Cup 2024-25"]
[Site "Stockholm"]
[Date "2025.01.05"]
[Round "9.4"]
[White "Kantans, Toms"]
[Black "Trost, Edvin"]
[Result "0-1"]
[ECO "B67"]
[WhiteElo "2486"]
[BlackElo "2443"]
[Annotator "TA"]
[PlyCount "94"]
[EventDate "2024.12.23"]
[EventType "swiss"]
[EventCountry "SWE"]
[SourceTitle "playchess.com"]
[Source "ChessBase"]
[SourceQuality "1"]
[TimeControl "40/5400+30:1800+30"]

1. e4 c5 2. Nf3 Nc6 3. d4 cxd4 4. Nxd4 Nf6 5. Nc3 d6 6. Bg5 e6 7. Qd2 a6 8. O-O-O Bd7 9. f3 Nxd4 10. Qxd4 Be7 11. h4 Qc7 12. Kb1 b5 13. Qd2 h6 14. Be3 h5 15. Bd3 b4 16. Ne2 a5 17. Bg5 Rb8 18. Rc1 a4 19. c4 Bc6 20. Nf4 Qd8 21. Rhe1 Nd7 {[%emt 0:01:47] [#]} 22. Nd5 (22. Bxe7 $1 $14 {keeps the upper hand.} Qxe7 23. Nd5 Bxd5 (23... exd5 $2 24. exd5 Ne5 25. dxc6 $18) 24. cxd5 (24. exd5 O-O $11)) 22... Bxg5 $1 $17 (22... exd5 $2 23. exd5 f6 (23... Ne5 $2 24. Bxe7 Kxe7 25. f4 $18) 24. dxc6 $18 (24. Bg6+ Kf8 $18)) 23. hxg5 a3 (23... Nc5 $5) 24. b3 (24. Nxb4 $2 Qa5 25. b3 (25. bxa3 $2 Qxa3 26. Ka1 Qxb4 $19) 25... Qxb4 $19 (25... Rxb4 $2 26. Rc3 $19)) 24... Ba8 $1 25. f4 (25. Nxb4 $2 Qa5 26. Qc3 Rxb4 $19 (26... Qxb4 $2 27. Qxg7 Rf8 28. Re2 $19)) (25. Bc2 $11) 25... exd5 (25... Nc5 $1 $17 26. f5 (26. Nxb4 $2 Qa5 $19) 26... exd5 27. exd5+ Kd7) 26. exd5+ $11 Kf8 27. Re2 Kg8 28. Rce1 Qf8 $2 (28... g6 $11) 29. Qe3 $2 (29. Bf5 $18 Nc5 30. g6) 29... Bb7 $15 30. Qd4 (30. Bc2 $1 $15) 30... Nc5 $2 (30... Rd8 $1 $17 31. Bc2 (31. Re7 Bc8 $17) 31... g6) 31. f5 $11 (31. Re7 {is interesting.} g6 32. f5 Rh7 33. Bc2) 31... h4 $2 (31... Rd8 $1 $11) 32. Bc2 $2 (32. f6) 32... Nd7 $18 33. Qf4 $2 {[%emt 0:00:47] [#]} (33. Re7 $18 Ne5 34. f6) 33... Ne5 (33... Rh5 34. Re7 Ne5 35. f6 $11) (33... f6 $1 $17 34. g6 (34. Re7 Ne5 $19) 34... Rh6) 34. c5 $2 (34. f6 $1 $11 {and White has nothing to worry.}) 34... Ba6 ({Inferior is} 34... Bxd5 35. cxd6 f6 36. Rxe5 fxe5 37. Qxe5 $11) (34... f6 $142 {aiming for ...fxg5.} 35. g6 (35. Qxb4 $2 Ba6 $19) 35... dxc5 (35... Bxd5 36. Rd2 $11) 36. Rxe5 fxe5 37. Qxe5 Rh6) 35. Re3 $19 {[%emt 0:00:23] [#]} f6 $1 36. c6 (36. g6 $142 dxc5 37. Rh1) 36... fxg5 $19 37. Qd4 $2 (37. Qxg5 Qf6 38. Qxf6 gxf6 39. Re4) 37... Rh6 $19 38. Qa7 Ra8 39. Qb6 Qf6 40. Kc1 h3 41. gxh3 Nd3+ 42. Kd2 Qc3+ 43. Kd1 Rxh3 44. f6 Qa1+ 45. Kd2 Rh2+ 46. R3e2 Rxe2+ 47. Rxe2 Qc1# 0-1

[Event "52nd Rilton Cup 2024-25"]
[Site "Stockholm"]
[Date "2025.01.05"]
[Round "9.5"]
[White "Olsson, William"]
[Black "Bilovil, Bogdan"]
[Result "0-1"]
[ECO "E08"]
[WhiteElo "2369"]
[BlackElo "2452"]
[Annotator "TA"]
[PlyCount "60"]
[EventDate "2024.12.23"]
[EventType "swiss"]
[EventCountry "SWE"]
[SourceTitle "playchess.com"]
[Source "ChessBase"]
[SourceQuality "1"]
[TimeControl "40/5400+30:1800+30"]

1. d4 d5 2. c4 e6 3. Nf3 Nf6 4. g3 Be7 5. Bg2 O-O 6. O-O Nbd7 7. Qc2 a5 8. Rd1 h6 9. Nbd2 (9. Ne5 {with more complications.} c6 10. Bf4 Nh5 11. Be3) 9... c5 {[%emt 0:04:07] The position is equal.} 10. e4 cxd4 11. Nxd4 e5 12. Nf5 d4 13. f4 ({White should try} 13. Nxe7+ $15 Qxe7 14. Nf3) 13... Bc5 $17 14. Qd3 Ba7 15. Qf3 exf4 16. gxf4 Nc5 {[%emt 0:00:19] Threatens to win with ...d3.} 17. Bh3 Bd7 {[%emt 0:22:08] ...d3 would now be deadly.} 18. Qg2 {[%emt 0:07:32] [#]} Nh5 19. Nxh6+ Kh8 20. Bxd7 $2 {[%emt 0:00:51] White does not recover from this.} (20. Qf3 $17 {is the only way for White.} Qh4 21. Nf5 Bxf5 (21... Nxf4 $2 22. Nxh4 Nxh3+ 23. Kg2 $18) 22. Bxf5) 20... gxh6 $19 21. Qh3 Qxd7 22. Qxh5 Rg8+ 23. Kf1 Qc6 (23... Rg7 $142 24. f5 Re8 (24... Rag8 $2 25. b4 $19)) 24. b3 $2 (24. Nf3 Nxe4 25. Ne5 Nd2+ 26. Ke1 (26. Rxd2 Qh1+ 27. Ke2 Qe4+ 28. Kf1 Rg1+ 29. Kxg1 d3+ 30. Rf2 Qe1+ 31. Kg2 Qxf2+ 32. Kh3 Qf1+ 33. Kh4 Bf2+ 34. Kg4 Qe2+ 35. Kf5 Qxh5+ 36. Ke4 f5+ 37. Kxd3 Qd1+ 38. Bd2 Rd8+ 39. Kc3 Qxd2+ 40. Kb3 Qb4+ 41. Kc2 Rd2+ 42. Kc1 Qxb2#) (26. Bxd2 Rg1+ 27. Kxg1 d3+ 28. c5 Bxc5+) 26... Qe4+ 27. Qe2 Rg1+ 28. Kxd2) 24... Rg7 ({Stronger than} 24... Nxe4 25. Nxe4 (25. Qxa5 {gets mated.} Nc5) 25... Qxe4 26. Qxh6+ (26. Qxa5 $2 {is a self mate.} Qf3+ 27. Ke1 Rg1+ 28. Kd2 Qxd1#) 26... Qh7 27. Qxh7+ Kxh7 28. Rd3 $16) 25. Ba3 (25. Re1 $142 Rag8 26. Qf5) 25... Nxe4 26. Nf3 Nf6 27. Qh3 Ng4 28. Re1 {[%emt 0:01:33] Wards off Qe6} d3 {[%emt 0:01:00][%cal Oc6f3] ( -> ...Qxf3+!)} 29. Bb2 {[%emt 0:02:59] [#]} Qxf3+ $3 30. Qxf3 Nxh2# {[%emt 0:00:03] Weighted Error Value: White=1.08/Black=0.13 (very precise) .  Loses game:     	White=1     	---        Mistake:       	White=3     	Black=1      Inaccurate:     	White=1     	---        OK:         	White=5     	Black=9      Best:        	White=1     	Black=4} 0-1

[Event "52nd Rilton Cup 2024-25"]
[Site "Stockholm"]
[Date "2025.01.05"]
[Round "9.6"]
[White "Celik, Hasan Huseyin"]
[Black "Schmider, Niklas"]
[Result "1/2-1/2"]
[ECO "B53"]
[WhiteElo "2432"]
[BlackElo "2383"]
[Annotator "RC"]
[PlyCount "60"]
[EventDate "2024.12.23"]
[EventType "swiss"]
[EventCountry "SWE"]
[SourceTitle "playchess.com"]
[Source "ChessBase"]
[SourceQuality "1"]
[TimeControl "40/5400+30:1800+30"]

1. e4 c5 2. Nf3 d6 3. d4 cxd4 4. Qxd4 Nf6 5. Nc3 a6 6. h3 Nc6 7. Qe3 d5 8. Nxd5 Nxd5 9. exd5 Qxd5 10. Bd3 Bf5 11. Bxf5 Qxf5 12. O-O e6 13. Qb6 Rb8 14. Be3 Be7 15. Rfd1 O-O 16. c3 Rfd8 17. a4 Qc2 18. Nd4 Nxd4 19. Rxd4 Rxd4 20. Bxd4 Qe4 21. Qc7 Re8 22. a5 Qd5 23. Qg3 f6 24. Bb6 Bd8 25. Qe3 Bxb6 26. Qxb6 Re7 27. b4 Kf7 28. Qe3 Rd7 29. Re1 Rd6 30. Qa7 Rd7 1/2-1/2

[Event "52nd Rilton Cup 2024-25"]
[Site "Stockholm"]
[Date "2025.01.05"]
[Round "9.7"]
[White "Kulaots, Kaido"]
[Black "Falkevall, Axel"]
[Result "1/2-1/2"]
[ECO "C79"]
[WhiteElo "2521"]
[BlackElo "2371"]
[Annotator "TA"]
[PlyCount "60"]
[EventDate "2024.12.23"]
[EventType "swiss"]
[EventCountry "SWE"]
[SourceTitle "playchess.com"]
[Source "ChessBase"]
[SourceQuality "1"]
[TimeControl "40/5400+30:1800+30"]

1. e4 e5 2. Nf3 Nc6 3. Bb5 a6 4. Ba4 Nf6 5. O-O d6 6. Bxc6+ bxc6 7. Re1 Bg4 8. h3 Bxf3 9. Qxf3 Nd7 10. Na3 g6 11. Nc4 Bg7 12. Na5 c5 13. a3 O-O 14. b4 cxb4 15. axb4 f5 16. d3 Kh8 17. Bd2 f4 18. Rad1 {[%emt 0:04:20] White is more active.} Qe8 19. Bc1 g5 20. c3 h5 21. d4 Nf6 22. Qd3 g4 23. Nc4 Nd7 24. hxg4 hxg4 25. f3 Bf6 (25... gxf3 $5 26. Qxf3 Qe6 $11) 26. fxg4 Rf7 27. Rf1 Qg8 ({Black should try} 27... Qe6 $11) 28. Rf3 (28. dxe5 $14 Nxe5 29. Qe2) 28... Qxg4 $11 {[%emt 0:03:05] And now ...Rg8 would win.} 29. Rh3+ Rh7 30. Rxh7+ Kxh7 1/2-1/2

[Event "52nd Rilton Cup 2024-25"]
[Site "Stockholm"]
[Date "2025.01.05"]
[Round "9.8"]
[White "Hillarp Persson, Tiger"]
[Black "Ippolito, Dean"]
[Result "0-1"]
[ECO "E71"]
[WhiteElo "2468"]
[BlackElo "2324"]
[Annotator "TA"]
[PlyCount "84"]
[EventDate "2024.12.23"]
[EventType "swiss"]
[EventCountry "SWE"]
[SourceTitle "playchess.com"]
[Source "ChessBase"]
[SourceQuality "1"]
[TimeControl "40/5400+30:1800+30"]

1. d4 Nf6 2. c4 g6 3. Nc3 Bg7 4. e4 d6 5. h3 O-O 6. Be3 Nc6 7. d5 Ne5 8. f4 Ned7 9. Bd3 e5 10. dxe6 fxe6 11. g4 b6 12. Nge2 Bb7 13. Qd2 Nc5 14. Bxc5 bxc5 15. O-O-O Rb8 16. b3 (16. Rhf1 $5) 16... Kh8 17. g5 Nh5 18. Rhf1 Qd7 19. Bc2 a5 20. Rf2 Rf7 21. Rdf1 Rbf8 22. Qe3 Bc6 23. a4 Qc8 24. h4 Bd7 (24... Kg8 $11) 25. Nb5 (25. e5 $14) 25... Qb8 26. f5 exf5 27. exf5 Bxf5 28. Rxf5 Rxf5 (28... gxf5 29. Qf3 $14) (28... gxf5 $5 29. Qf3 $8 Nf6 (29... c6 30. Qxh5 Kg8 31. Nbc3 $16) 30. gxf6 Bxf6 $16) 29. Bxf5 gxf5 30. Qf3 $1 Qe8 31. Nxc7 Qe5 32. Kd2 {[%emt 0:00:42] [#]} (32. Kd1 $11 Qa1+ 33. Nc1 Qd4+ 34. Kc2 Qb2+ (34... Qxh4 35. Rh1 $11) 35. Kd1 Qd4+) 32... f4 $1 $17 ({Much worse is} 32... Qb2+ 33. Kd1 f4 34. Ne6 (34. Qxh5 $2 Qxb3+ 35. Kd2 Qe3+ 36. Kd1 Qd3+ 37. Ke1 f3 $19) 34... Qb1+ 35. Kd2 Qb2+ 36. Kd1 $11) 33. Nd5 $2 (33. Qxh5 $2 {loses.} Qe3+ 34. Kd1 Qd3+ 35. Ke1 f3 $19) (33. Qd3 $1 $15) 33... Ng3 $19 34. Rb1 Nxe2 35. Qxe2 Qd4+ 36. Kc2 $2 (36. Qd3 Qf2+ 37. Qe2 Qxh4 38. Qf3 Qh2+ (38... Qxg5 $2 39. Re1 $19) 39. Kd3) 36... f3 $19 37. Qe3 Qxh4 38. Rf1 (38. Nf6 $142 f2 39. Rf1 Bxf6 40. Rxf2) 38... Qh3 $19 39. Qd3 Qg2+ 40. Kd1 Qxg5 41. Rh1 h6 42. Qe3 Qg6 0-1

[Event "52nd Rilton Cup 2024-25"]
[Site "Stockholm"]
[Date "2025.01.05"]
[Round "9.9"]
[White "Cieslak, Patryk"]
[Black "Kucuksari, Kaan"]
[Result "0-1"]
[ECO "B41"]
[WhiteElo "2405"]
[BlackElo "2462"]
[Annotator "TA"]
[PlyCount "72"]
[EventDate "2024.12.23"]
[EventType "swiss"]
[EventCountry "SWE"]
[SourceTitle "playchess.com"]
[Source "ChessBase"]
[SourceQuality "1"]
[TimeControl "40/5400+30:1800+30"]

1. e4 c5 2. Nf3 e6 3. d4 cxd4 4. Nxd4 a6 5. c4 Nf6 6. Nc3 Qc7 7. a3 b6 8. f4 Bb7 9. Bd3 Nc6 10. Nxc6 dxc6 11. e5 Nd7 12. Qe2 O-O-O 13. O-O c5 14. Be3 Nb8 15. Be4 Nc6 16. Rad1 Kb8 17. Rxd8+ Qxd8 (17... Nxd8 $142 18. Bxb7 Nxb7) 18. Qf2 (18. b4 $142) 18... Be7 {[%emt 0:02:30] [#]} (18... Na5 $142) 19. b4 $1 $16 ({But not} 19. Rd1 $6 Qc8 $14) 19... f5 20. Bxc6 (20. exf6 $16 Bxf6 21. Rc1) 20... Bxc6 $11 21. Rd1 {[%emt 0:00:52] Prevents Qd3} Qc8 22. bxc5 Rd8 $1 23. Qb2 Rxd1+ 24. Nxd1 Qd8 25. Nf2 b5 26. a4 $2 (26. Qb3 $11) 26... Qa5 $40 {[%emt 0:00:44][%mdl 128] White is in trouble.} 27. Nd3 {[%emt 0:02:44] Prevents Qe1+} (27. Bd2 $142 Qxa4 28. cxb5 Qxb5 29. Qxb5+ Bxb5 30. g4) 27... Qxa4 {[%emt 0:00:10] and ...Qd1+ would now be decisive} 28. Nb4 $2 (28. Qc1) 28... Qd1+ 29. Kf2 {[%emt 0:00:03] White is weak on the light squares} Bh4+ 30. g3 Qf3+ 31. Ke1 {[%emt 0:00:27] aiming for Nxc6+.} Qxe3+ 32. Kf1 Qf3+ 33. Qf2 Be7 (33... Qd1+ $142 34. Qe1 Bg2+ 35. Kxg2 Qxe1 36. Nxa6+ Kb7 37. cxb5 Qe2+ 38. Kg1 Qxb5 39. c6+ Kxc6 (39... Kxa6 $2 40. gxh4 h5 41. c7 $19) 40. Kg2 Qe2+ 41. Kg1 Qxa6 42. Kf2 Be7 43. Ke3 Qc4 44. Kf2 Qe4 45. g4 fxg4 (45... Qxf4+ {is a self mate.} 46. Ke2 Bb4 47. h3 Kd5 48. gxf5 Ke4 49. fxe6 Qf3#) 46. h4 Bc5+ (46... Bxh4+ 47. Kg1 Qe1+ 48. Kh2 Qf1 49. f5 g3#) 47. Kf1 Qf3+ 48. Ke1 Bb4#) 34. Qxf3 Bxf3 35. Nxa6+ Kb7 36. cxb5 {[%emt 0:00:13] [#]} Bc6 $1 0-1

[Event "52nd Rilton Cup 2024-25"]
[Site "Stockholm"]
[Date "2025.01.05"]
[Round "9.10"]
[White "Pantzar, Milton"]
[Black "Sari, Yasin"]
[Result "1-0"]
[ECO "D10"]
[WhiteElo "2452"]
[BlackElo "2325"]
[Annotator "TA"]
[PlyCount "63"]
[EventDate "2024.12.23"]
[EventType "swiss"]
[EventCountry "SWE"]
[SourceTitle "playchess.com"]
[Source "ChessBase"]
[SourceQuality "1"]
[TimeControl "40/5400+30:1800+30"]

1. d4 d5 2. c4 c6 3. Nc3 Nf6 4. e3 Bf5 5. f3 e6 6. g4 Bg6 7. h4 h5 (7... h6 $1 $11) 8. g5 $14 {[%emt 0:01:36] White is slightly better.} Nfd7 9. Nge2 Bd6 $1 10. f4 (10. b3 $14) 10... dxc4 $11 11. Ng3 Na6 (11... Nb6 $11) 12. Bxc4 $14 c5 {[%emt 0:04:23] White stays focused until the end.} (12... Nb6 $14 13. Be2 Nb4) 13. d5 $16 {[%emt 0:03:21][%cal Bd4d5,Bd5e6][%mdl 32] White is more active.} Nb4 (13... Qe7 $16) 14. dxe6 $18 Nc2+ 15. Kf2 Nb6 16. Nce4 Nxa1 (16... Bxf4 {might work better.} 17. exf4 (17. Qxc2 Bxg3+ 18. Kxg3 Qc7+ 19. Kf2 Nxc4 $14) 17... Qxd1 18. Bb5+ (18. Rxd1 Nxc4 19. b3 Nxa1 $16) 18... Ke7 19. Rxd1 fxe6) 17. Nxd6+ {[%emt 0:02:10] White is clearly winning.} Kf8 18. f5 Nxc4 19. Nxc4 {[%emt 0:00:54] [#] Qf3 is the strong threat.} fxe6 20. fxg6 {[%emt 0:01:52] Threatening mate with Qf3+.} Ke7 21. Qxd8+ ({Less strong is} 21. Nxh5 Qxd1 22. Rxd1 Rxh5 $18) 21... Raxd8 22. Ke2 b5 23. Ne5 Rd5 24. Nf7 Rc8 25. Bd2 Nc2 26. Rc1 Rxd2+ 27. Kxd2 Nb4 28. Nxh5 c4 29. Nxg7 Nd3 {[%emt 0:00:49] [#]} 30. h5 $1 Nxc1 (30... Nb4 31. h6) 31. Kxc1 c3 32. h6 {[%emt 0:01:03] Weighted Error Value: White=0.04 (flawless) /Black=0.60.  Mistake:       	White=1     	Black=5      Inaccurate:     	---       	Black=1      OK:         	White=8     	Black=4      Best:        	White=4     	Black=2      Strong:       	---       	Black=1} 1-0

[Event "52nd Rilton Cup 2024-25"]
[Site "Stockholm"]
[Date "2025.01.05"]
[Round "9.11"]
[White "Jain Kashish Manoj"]
[Black "Baenziger, Fabian"]
[Result "1-0"]
[ECO "B31"]
[WhiteElo "2363"]
[BlackElo "2422"]
[Annotator "TA"]
[PlyCount "135"]
[EventDate "2024.12.23"]
[EventType "swiss"]
[EventCountry "SWE"]
[SourceTitle "playchess.com"]
[Source "ChessBase"]
[SourceQuality "1"]
[TimeControl "40/5400+30:1800+30"]

1. e4 c5 2. Nf3 Nc6 3. Bb5 g6 4. O-O Bg7 5. Re1 Nf6 6. e5 Nd5 7. Nc3 Nc7 8. Bxc6 dxc6 9. d3 b6 10. h3 Ne6 11. Ne4 O-O 12. a4 a5 13. Neg5 Nc7 14. Bf4 Nd5 15. Qd2 h6 16. Ne4 Kh7 17. Bg3 Be6 18. d4 c4 (18... cxd4 $11 19. Nxd4 Bd7) 19. c3 $14 Nc7 20. Qe2 Bd5 21. Nfd2 b5 22. f4 Ne6 23. Qf2 f5 ({Black should try} 23... Rb8 $14) 24. exf6 $16 Bxf6 25. f5 Ng5 26. fxg6+ Kxg6 27. Nxf6 Rxf6 28. Qe2 Qd7 (28... Re6 $16 29. Qg4 Qc8) 29. h4 $18 (29. Qxe7 Nxh3+ 30. Kh2 (30. gxh3 Qxh3 31. Ne4 Raf8 $19) 30... Qxe7 31. Rxe7 Nf2 $14) 29... Ne6 30. Ne4 Rf7 $2 (30... Nf4 31. Qc2 Nd3) 31. Qg4+ (31. Qc2 $142 {[%cal Oe4f6] Threatening mate with Nf6+!.} Kg7 32. Be5+ Kf8 33. Rf1) 31... Kh7 32. Be5 {[%emt 0:00:37] Black is weak on the dark squares} Qe8 {[%emt 0:13:24] Repels Ng5+} 33. axb5 cxb5 34. Bf6 {[%emt 0:00:36] White is much more active.} (34. Qe2 $142 $1 {[%cal Oe4g5] and Ng5+! would now be decisive} Rf8 35. Nc5) 34... exf6 $2 (34... Rxf6 $2 35. Nxf6+ exf6 36. Qf5+ Qg6 37. Qxd5 $18) (34... Qc6 $16 {is a better defense.} 35. Ng5+ (35. Qf5+ Kg8 $11) 35... Nxg5 36. Qf5+ (36. Bxe7 $2 Ne4 $19) 36... Kg8 37. Qg6+ (37. hxg5 $2 exf6 38. g6 Rff8 $19) 37... Kf8 38. Qxh6+ Ke8 39. Bxg5 (39. hxg5 Kd7 $16) 39... Qxh6 40. Bxh6 Kd7) 35. Qf5+ Kg7 36. Qxd5 (36. Nd6 Qc6 37. Rxe6 (37. Nxf7 Kxf7 38. Qh7+ Ng7 $11) (37. Qg4+ Kf8 $15) 37... Bxe6 38. Qxe6 Qd7 $11) 36... Nc7 37. Qd6 Qd7 38. Qg3+ (38. Qf4 $1 $18) 38... Kh7 $16 39. Qf3 f5 40. Nc5 Qd5 41. Qf2 $36 {[%emt 0:01:47][%mdl 2048] Black is under strong pressure.} Rg8 42. Re5 $1 (42. Rxa5 Rfg7 43. Re2 f4 $15) 42... Qc6 43. Rxf5 ({But not} 43. Rxa5 $6 Kh8 $16) 43... Rxg2+ 44. Qxg2 Qxg2+ 45. Kxg2 Rxf5 46. Rxa5 $18 {[%emt 0:00:08][%mdl 4096] Endgame KRN-KRN. White is a pawn up.} Nd5 47. Rxb5 Ne3+ 48. Kh2 Kg6 49. Rb6+ Kh5 50. Re6 $1 Ng4+ $2 (50... Rf3 51. Nd7 Kxh4) 51. Kg3 Rf1 52. Ne4 Rg1+ 53. Kh3 Rh1+ 54. Kg2 $1 Rd1 55. Nf6+ Kxh4 56. Nxg4 Kxg4 {[%emt 0:00:04] KR-KR. White is a pawn up.} 57. Rg6+ $1 (57. Rxh6 Rd2+ 58. Kf1 Rxb2 $11) 57... Kh5 58. Rc6 Kg4 59. Rg6+ (59. Rxh6 Rd2+ 60. Kf1 Rxb2 $11) 59... Kh5 $1 60. Rc6 Kg4 61. Rxc4 ({And not} 61. Rxh6 Rd2+ 62. Kf1 Rxb2 $11) (61. Kf2 $1 $18) 61... Rd2+ $14 62. Kf1 Kf3 63. Ke1 {[%emt 0:00:01] Repels Rd1+} Rxb2 $2 (63... Ke3 $16) 64. d5 $18 Ke3 {[%emt 0:06:30] [#]} 65. Rd4 $1 Rb1+ 66. Rd1 Rb2 {[%emt 0:00:18] [#]} 67. Kf1 $1 Kf3 68. d6 1-0